Map: [ESL] Site Delta

Players

Spirit - Winner!

  • Race: Terran Terran
  • Spawn Location: 5:00

GunGFuBanDa

  • Race: Protoss Protoss
  • Spawn Location: 11:00

Event: ESL SC2 Masters 2023 Winter (Regional)

VOD

Have the link to the VOD?

Description

Time

  • Played on: Nov. 9, 2023, 9:54 a.m.
  • Length: 9:20

All games in this series

Show
View Real Time Build Order
Export as new Build Order

Spirit Terran - Winner!

Build Orders: Banshee Rush 

Get SALT Encoding   

  12  0:00  SCV  
  13  0:12  SCV  
  14  0:17  Supply Depot  
  14  0:24  SCV  
  15  0:38  SCV  
  15  0:40  Barracks  
  16  0:44  Refinery  
  16  0:50  SCV  
  17  1:03  SCV  
  18  1:15  SCV  
  19  1:27  Marine  
  19  1:28  Orbital Command  
  20  1:39  Command Center  
  20  1:45  Reaper  
  21  1:51  Supply Depot  
  21  1:55  SCV  
  22  2:06  Factory  
  22  2:07  SCV  
  23  2:16  Bunker  
  23  2:17  Marine  
  23  2:21  SCV  
  25  2:23  Refinery  
  25  2:33  SCV  
  25  2:36  Barracks Reactor  
  26  2:45  SCV  
  27  2:53  Hellion  
  27  2:57  Orbital Command  
  29  3:00  SCV  
  29  3:02  Starport  
  30  3:12  SCV  
  30  3:13  Marine x2  
  30  3:15  Factory Tech Lab  
  32  3:22  SCV  
  32  3:24  SCV  
  34  3:31  Marine  
  34  3:32  Marine  
  34  3:33  Supply Depot  
  36  3:35  SCV  
  36  3:36  SCV  
  38  3:41  Factory Tech Lab  
  38  3:46  Banshee, Cloaking Field  
  38  3:47  SCV  
  42  3:49  SCV  
  42  3:50  Supply Depot  
  43  3:59  SCV  
  43  4:01  SCV  
  45  4:03  Siege Tank  
  45  4:06  Marine  
  45  4:07  Marine  
  50  4:11  SCV  
  50  4:13  SCV  
  52  4:17  Barracks  
  52  4:23  Barracks, SCV  
  53  4:25  SCV  
  53  4:27  Engineering Bay  
  53  4:30  Banshee  
  57  4:36  Marine  
  58  4:39  Bunker  
  58  4:40  Refinery  
  58  4:45  Bunker  
  58  4:46  Siege Tank  
  58  4:50  Marine, SCV  
  58  4:52  Supply Depot  
  61  4:53  SCV  
  62  5:04  Supply Depot x2  
  62  5:07  Barracks Tech Lab  
  62  5:14  SCV x2, Marine x2  
  66  5:26  Terran Infantry Weapons Level 1, SCV x2  
  69  5:30  Stimpack  
  69  5:31  Refinery  
  68  5:37  Missile Turret  
  68  5:38  SCV x2  
  68  5:41  Combat Shield  
  70  5:43  Marauder x2  
  70  5:44  Marine  
  75  5:50  SCV x2  
  75  5:53  Supply Depot  
  75  5:54  Factory Reactor  
  75  5:55  Supply Depot  
  75  6:00  Marine  
  75  6:02  SCV x2  
  76  6:04  Marauder x2  
  76  6:05  Marine  
  81  6:14  SCV x2  
  83  6:20  Marine  
  86  6:26  SCV x2, Marauder x2  
  86  6:29  Starport Reactor, Marine  
  91  6:33  Supply Depot  
  91  6:34  Supply Depot  
  91  6:44  Medivac x2  
  97  6:47  Marauder  
  97  6:49  Siege Tank  
  100  7:03  Command Center  
  100  7:04  Marauder, Marine x2, Supply Depot  
  106  7:08  Marauder  
  106  7:10  Concussive Shells  
  106  7:17  Barracks  
  106  7:18  Barracks  
  106  7:21  Siege Tank, Medivac x2  
  113  7:24  SCV  
  113  7:25  Supply Depot  
  113  7:26  Missile Turret  
  113  7:28  SCV  
  115  7:36  SCV  
  113  7:40  SCV  
  113  7:41  Marauder, Marine  
  117  7:48  SCV  
  117  7:51  Medivac x2  
  118  7:52  SCV  
  118  7:53  Marauder, Marine  
  124  8:00  SCV  
  124  8:02  Supply Depot  
  124  8:04  SCV  
  126  8:09  Barracks Tech Lab  
  126  8:13  SCV  
  126  8:16  SCV  
  125  8:21  Medivac x2  
  125  8:25  SCV  
  125  8:26  Marine, Ghost Academy  
  125  8:27  Marauder  
  133  8:28  SCV  
  118  8:36  Marine  
  118  8:37  SCV  
  118  8:40  SCV  
  118  8:41  Barracks Reactor  
  110  8:43  Barracks Tech Lab, Marine  
  112  8:49  SCV  
  112  8:52  SCV  
  112  8:54  Orbital Command  
  120  8:55  Marine  
  120  8:56  Marauder  
  120  8:58  Marine  
  120  9:01  SCV  
  120  9:02  Marine  
  126  9:04  SCV  
Show
View Real Time Build Order
Export as new Build Order

GunGFuBanDa Protoss 

Build Orders: 1 Gate Expand, Blink Stalkers, Colossus Rush 

Get SALT Encoding   

  12  0:00  Probe  
  13  0:12  Probe  
  14  0:18  Pylon  
  14  0:24  Probe (Chrono Boost)  
  15  0:37  Probe (Chrono Boost)  
  15  0:39  Gateway  
  16  0:45  Probe (Chrono Boost)  
  16  0:46  Assimilator  
  17  0:51  Probe  
  18  1:03  Probe  
  19  1:15  Probe  
  20  1:26  Cybernetics Core  
  20  1:32  Nexus  
  20  1:38  Pylon  
  20  1:45  Probe  
  21  1:49  Assimilator  
  21  1:59  Probe  
  22  2:02  Adept (Chrono Boost)  
  22  2:05  Warp Gate  
  23  2:11  Probe  
  24  2:22  Adept (Chrono Boost)  
  24  2:23  Probe  
  27  2:31  Twilight Council  
  27  2:35  Probe  
  28  2:45  Stalker  
  28  2:48  Probe (Chrono Boost)  
  28  2:49  Probe (Chrono Boost)  
  31  3:00  Probe (Chrono Boost)  
  31  3:05  Probe (Chrono Boost)  
  32  3:07  Probe (Chrono Boost)  
  32  3:11  Blink, Probe (Chrono Boost)  
  35  3:21  Probe (Chrono Boost)  
  35  3:22  Gateway, Probe (Chrono Boost)  
  36  3:27  Probe (Chrono Boost)  
  36  3:28  Probe (Chrono Boost)  
  36  3:29  Robotics Facility  
  38  3:38  Probe  
  38  3:39  Probe (Chrono Boost)  
  40  3:45  Gateway  
  40  3:51  Probe (Chrono Boost)  
  40  3:54  Gateway  
  42  3:55  Probe (Chrono Boost)  
  42  3:58  Stalker  
  42  4:00  Probe (Chrono Boost)  
  45  4:03  Pylon  
  45  4:04  Probe (Chrono Boost)  
  46  4:11  Assimilator  
  46  4:18  Warp Prism (Chrono Boost)  
  46  4:21  Probe x2  
  50  4:27  Stalker, Pylon  
  50  4:30  Pylon  
  52  4:39  Stalker  
  52  4:44  Pylon  
  54  4:47  Observer, Probe (Chrono Boost)  
  54  4:48  Stalker  
  59  4:54  Probe (Chrono Boost)  
  59  4:57  Robotics Bay  
  59  4:59  Probe (Chrono Boost)  
  61  5:07  Probe (Chrono Boost)  
  61  5:08  Nexus  
  61  5:10  Probe (Chrono Boost)  
  61  5:14  Assimilator  
  62  5:16  Probe  
  62  5:20  Probe  
  64  5:29  Probe  
  64  5:30  Observer (Chrono Boost), Pylon  
  66  5:37  Probe  
  67  5:44  Probe  
  67  5:46  Colossus (Chrono Boost)  
  74  5:53  Forge  
  74  6:10  Sentry, Probe  
  74  6:11  Zealot x2  
  80  6:13  Stalker  
  74  6:30  Colossus  
  74  6:32  Probe (Chrono Boost)  
  80  6:35  Probe (Chrono Boost)  
  81  6:40  Probe (Chrono Boost)  
  81  6:42  Stalker  
  81  6:43  Stalker x2  
  81  6:44  Probe (Chrono Boost)  
  83  6:49  Observer  
  83  6:54  Probe (Chrono Boost)  
  83  6:57  Charge (Chrono Boost)  
  83  6:59  Probe (Chrono Boost)  
  83  7:01  Probe (Chrono Boost)  
  86  7:04  Shield Battery  
  86  7:05  Probe (Chrono Boost)  
  86  7:08  Probe (Chrono Boost)  
  89  7:12  Probe (Chrono Boost)  
  89  7:13  Probe (Chrono Boost)  
  89  7:14  Probe (Chrono Boost)  
  91  7:19  Probe  
  91  7:20  Zealot x2, Probe, Stalker  
  99  7:24  Protoss Ground Weapons Level 1 (Chrono Boost)  
  99  7:26  Pylon  
  99  7:29  Observer  
  99  7:31  Shield Battery  
  99  7:44  Immortal  
  99  7:52  Stalker x4  
  99  7:54  Shield Battery  
  99  7:55  Probe x2 (Chrono Boost)  
  99  7:57  Pylon  
  109  8:06  Pylon  
  109  8:07  Pylon  
  109  8:13  Probe (Chrono Boost)  
  109  8:17  Probe x2 (Chrono Boost)  
  109  8:18  Probe (Chrono Boost)  
  111  8:20  Colossus (Chrono Boost)  
  111  8:22  Pylon  
  90  8:39  Stalker x4  
  82  8:44  Probe x2  
  82  8:46  Probe  
  85  8:56  Probe  
  85  8:57  Gateway  
  85  9:02  Stalker  
  85  9:03  Stalker x3  
Tags
 
Add a new tag
Caveats
  • Supply blocks, unpowered buildings, or Contaminate may cause inaccurate times.
  • Supply counts are checked every 10 seconds.